 Dungeon Crawl Stone Soup version 0.19.5 (webtiles) character file.

437 JeffiDaFish the Shield-Bearer (level 7, 0/43 HPs)
             Began as a Gargoyle Fighter on Mar 7, 2017.
             Was a Follower of Okawaru.
             Killed from afar by a white imp (6 damage)
             ... with a puff of frost
             ... summoned by Eustachio
             ... on level 4 of the Dungeon.
             The game lasted 00:08:26 (2889 turns).

JeffiDaFish the Shield-Bearer (Gargoyle Fighter)    Turns: 2889, Time: 00:08:27

Health: 0/43       AC: 16    Str: 25    XL:     7   Next: 1%
Magic:  7/7        EV:  8    Int:  8    God:    Okawaru [*.....]
Gold:   148        SH: 10    Dex: 13    Spells: 0 memorised, 6 levels left

rFire  + . .     SeeInvis .     a - +1 flail
rCold  + . .     Gourm    .     b - +0 scale mail
rNeg   + . .     Faith    .     c - +0 shield
rPois  ∞         Spirit   .     (no helmet)
rElec  +         Reflect  .     g - +2 cloak "Voqiargh" {rC+}
rCorr  .         Harm     .     j - +0 pair of gloves
MR     .....                    (no boots)
Stlth  ..........               (no amulet)
                                m - ring of protection from fire
                                e - +5 ring of strength

@: no status effects
A: thin skeletal structure 1, blurry vision 1, negative energy resistance 1,
electricity resistance, unbreathing, petrification resistance, rot immunity,
MP-powered wands, AC +4
a: Heroism, Renounce Religion


You were on level 4 of the Dungeon.
You worshipped Okawaru.
Okawaru was aware of your devotion.
You were hungry.

You visited 1 branch of the dungeon, and saw 4 of its levels.

You collected 148 gold pieces.

Inventory:

Hand Weapons
 a - a +1 flail (weapon)
Armour
 b - a +0 scale mail (worn)
 c - a +0 shield (worn)
 g - the +2 cloak "Voqiargh" (worn) {rC+}
   (You found it on level 4 of the Dungeon)

   It protects you from cold.
 j - a +0 pair of gloves (worn)
Jewellery
 e - a +5 ring of strength (left hand)
 m - a ring of protection from fire (right hand)
Wands
 p - a wand of polymorph (13/24)
Scrolls
 d - 3 scrolls of remove curse
 i - 3 scrolls of teleportation
 k - 3 scrolls of identify
Potions
 o - a potion of curing
 q - a potion of cancellation
Comestibles
 f - 3 bread rations
 h - a beef jerky
 l - 2 meat rations


   Skills:
 + Level 4.2 Fighting
 + Level 4.8 Maces & Flails
 + Level 4.1 Armour
 + Level 1.3 Dodging
 + Level 5.1 Shields


You had 6 spell levels left.
You didn't know any spells.

Dungeon Overview and Level Annotations

Branches:
Dungeon (4/15)
 Temple: D:4-7

Altars:
Okawaru
Trog
The Shining One

Shops:
D:4 %

Annotations:
D:4 Eustachio


Innate Abilities, Weirdness & Mutations

You are resistant to torment.
Your stone body is resilient. (AC +4)
You are immune to poison.
You resist negative energy. (rN+)
You are resistant to electric shocks. (rElec)
You can survive without breathing.
You are immune to petrification.
You are immune to rotting.
You have a somewhat thin skeletal structure. (Dex +2, Stealth)
Scrolls take you a little longer to read.
You expend magic power (3 MP) to strengthen your wands.


Message History

* * * LOW HITPOINT WARNING * * *
The rat closely misses you.
Eustachio screams, "At last I'll have my revenge!"
Eustachio mumbles some strange words.
Eustachio blinks!
You block the white imp's attack.
The quokka bites you but does no damage.
You block the rat's attack.
The bat barely misses you. x2; Eustachio hits you but does no damage.
The shadow imp barely misses you.
You barely miss Eustachio.
Eustachio is almost dead.
The bat hits you but does no damage. You block the bat's attack.
The bat hits you but does no damage.
Eustachio gestures wildly while chanting.
Eustachio blinks!
The quokka barely misses you.
The white imp shouts, "Scamper hence, thou lumpish moon-mazed lewdster!"
The white imp hits you but does no damage.
The white imp gestures at you. The puff of frost hits you! You resist.
You die...

#.########## ####..#
#. #..........#
#.....######.
##########.####
#.##.......#.
#.#.........#####.#.
#$#.##.#>##.# #.#.
#†#.##.# #.# #.#.
#.5.b..# #.#####.#.
#.5.####.##.##......
#r5@.....@.#...####.
#.rb§#.#.##.## ##
#....# # # #....# #
#.#### # #.. #.# #.#
...


You could see Eustachio, 2 white imps, a shadow imp, a quokka, 2 bats and a rat.

Vanquished Creatures
  Menkaure (D:4)
  The ghost of AMWaka the Sneak, an amateur SpAs (D:4)
  The ghost of dramaqueenr25 the Shooter, a weakling CeHu (D:3)
  A hound (D:4)
  An orc priest (D:4)
  Jessica (D:3)
  An iguana (D:4)
  An adder (D:3)
  An ooze (D:3)
  2 worms
  A dart slug (D:3)
  A leopard gecko (D:2)
  6 orcs
  5 bats
  4 giant cockroaches
  7 goblins
  12 hobgoblins
  5 jackals (D:3)
  2 ball pythons
  3 frilled lizards
  8 kobolds
  12 rats
77 creatures vanquished.

Notes
Turn   | Place    | Note
-------+----------+-------------------------------------------
     0 | D:1      | JeffiDaFish the Gargoyle Fighter began the quest for the Orb.
     0 | D:1      | Reached XP level 1. HP: 14/14 MP: 1/1
    97 | D:1      | Reached XP level 2. HP: 19/19 MP: 2/2
   152 | D:1      | Gained mutation: Scrolls take you a little longer to read. [potion of mutation]
   152 | D:1      | Gained mutation: You have a somewhat thin skeletal structure. (Dex +2, Stealth) [potion of mutation]
   152 | D:1      | Gained mutation: You expend magic power (3 MP) to strengthen your wands. [potion of mutation]
   559 | D:1      | Reached XP level 3. HP: 23/23 MP: 3/3
   908 | D:2      | Found an iron altar of Okawaru.
   909 | D:2      | Found a bloodstained altar of Trog.
   915 | D:2      | Became a worshipper of Warmaster Okawaru
  1337 | D:3      | Noticed dramaqueenr25's ghost (weakling CeHu)
  1345 | D:3      | Killed dramaqueenr25's ghost
  1345 | D:3      | Reached skill level 4 in Shields
  1345 | D:3      | Reached XP level 4. HP: 23/29 MP: 4/4
  1477 | D:3      | Noticed Jessica
  1481 | D:3      | Killed Jessica
  1481 | D:3      | Reached XP level 5. HP: 20/33 MP: 5/5
  1541 | D:3      | Found a glowing golden altar of the Shining One.
  2173 | D:4      | Found Fuasotat's Food Shop.
  2182 | D:4      | Noticed AMWaka's ghost (amateur SpAs)
  2202 | D:4      | Killed AMWaka's ghost
  2202 | D:4      | Reached skill level 1 in Dodging
  2202 | D:4      | Reached XP level 6. HP: 32/38 MP: 6/6
  2229 | D:4      | Got a smoking cloak
  2235 | D:4      | Identified the +2 cloak "Voqiargh" {rC+} (You found it on level 4 of the Dungeon)
  2439 | D:4      | Noticed Menkaure
  2450 | D:4      | Killed Menkaure
  2450 | D:4      | Reached * piety under Okawaru
  2450 | D:4      | Reached skill level 5 in Shields
  2755 | D:4      | Found a bloodstained altar of Trog.
  2829 | D:4      | Noticed Eustachio
  2841 | D:4      | Reached XP level 7. HP: 38/43 MP: 7/7
  2889 | D:4      | Killed from afar by a white imp

Skill      XL: |  1  2  3  4  5  6 |
---------------+-------------------+-----
Maces & Flails | 3 4 |  4.8
Shields        | 4 5 |  5.1
Fighting       | 4 |  4.2
Armour         | 4 |  4.1
Dodging        | 1 |  1.3

Action                   |  1- 3 |  4- 6 |  7- 9 || total
-------------------------+-------+-------+-------++-------
Melee: Flail             |   130 |   161 |    36 ||   327
  Use: Scroll            |     6 |     3 |       ||     9
       Potion            |     4 |     3 |       ||     7
  Eat: Chunk             |     2 |     4 |       ||     6
Armor: Scale mail        |    69 |    94 |    67 ||   230
Dodge: Dodged            |    40 |    61 |    55 ||   156
Block: Shield            |    72 |    92 |    68 ||   232
